 Dungeon Crawl Stone Soup version 0.25-a0-589-g1e14c54 (webtiles) character file.

Game seed: 12939854792967567409, levelgen mode: deterministic

7931 robertstho the Grappler (level 11, -3/104 HPs)
             Began as a Troll Fighter on Mar 11, 2020.
             Was an Elder of Okawaru.
             Slain by a freezing wraith (11 damage)
             ... led by a death knight
             ... on level 11 of the Dungeon.
             The game lasted 00:12:06 (7768 turns).

robertstho the Grappler (Troll Fighter)             Turns: 7768, Time: 00:12:07

Health: -3/104     AC:  8    Str: 27    XL:     11   Next: 3%
Magic:  12/12      EV:  9    Int:  5    God:    Okawaru [****..]
Gold:   385        SH: 16    Dex: 10    Spells: 10/10 levels left

rFire    . . .     SeeInvis .     - Unarmed
rCold    + . .     Gourm    +   h - +0 tower shield
rNeg     + . .     Faith    .   a - +0 robe
rPois    +         Spirit   .   (helmet restricted)
rElec    .         Reflect  .   y - +1 cloak {rPois}
rCorr    .         Harm     .   (gloves unavailable)
MR       .....                  (boots unavailable)
Stlth    +.........             n - amulet of the acrobat
HPRegen  0.67/turn              j - ring of positive energy
MPRegen  0.13/turn              A - ring of protection from cold

@: about to teleport, slowed, very slow
A: large, unfitting armour, claws 3, fast metabolism 3, gourmand, regeneration
1, shaggy fur 1, tough skin 3
a: Heroism, Renounce Religion


You were on level 11 of the Dungeon.
You worshipped Okawaru.
Okawaru was greatly pleased with you.
You were very full.

You visited 2 branches of the dungeon, and saw 12 of its levels.

You collected 719 gold pieces.
You spent 334 gold pieces at shops.

Inventory:

Missiles
 F - 5 large rocks (quivered)
Armour
 a - a +0 robe (worn)
 h - a +0 tower shield (worn)
 y - a +1 cloak of poison resistance (worn)
Jewellery
 j - a ring of positive energy (left claw)
 n - an amulet of the acrobat (around neck)
 A - a ring of protection from cold (right claw)
 E - an uncursed ring of fire
Wands
 f - a wand of paralysis (3)
 v - a wand of polymorph (5)
Scrolls
 b - a scroll of brand weapon {unknown}
 e - a scroll of blinking {unknown}
 g - 3 scrolls of enchant armour {unknown}
 i - 4 scrolls of remove curse
 k - 5 scrolls of teleportation
 l - a scroll of noise {unknown}
 o - 4 scrolls of amnesia {unknown}
 q - a scroll of fear {unknown}
 w - a scroll of holy word
 x - a scroll of immolation
 z - a scroll of vulnerability {unknown}
 B - a scroll of magic mapping {unknown}
Potions
 m - a potion of magic {unknown}
 p - a potion of cancellation
 r - 2 potions of mutation
 s - 5 potions of curing
 t - a potion of flight
 u - 3 potions of heal wounds
Comestibles
 c - a chunk of flesh
 d - 19 rations


   Skills:
 * Level 5.2 Fighting
 * Level 3.8 Armour
 * Level 6.8 Dodging
 - Level 0.8 Stealth
 + Level 6.2 Shields
 * Level 10.7 Unarmed Combat
 * Level 3.3 Invocations


You had 10 spell levels left.
You didn't know any spells.
Your spell library contained the following spells:

 Spells                   Type           Power        Failure   Level  Hunger
 Corona                   Hex            #......      98%         1    ##.....
 Ensorcelled Hibernation  Hex/Ice        #.....       99%         2    ###....
 Confusing Touch          Hex            #.......     100%        3    ####...
 Dazzling Flash           Conj/Hex       #.....       100%        3    ####...
 Tukima's Dance           Hex            #.......     100%        3    ####...


Dungeon Overview and Level Annotations

Branches:
Dungeon (11/15)            Temple (1/1) D:7            Lair (0/6) D:8
    Orc: D:9-12

Altars:
Ashenzari
Cheibriados
Dithmenos
Elyvilon
Fedhas
Gozag
Hepliaklqana
Kikubaaqudgha
Makhleb
Nemelex Xobeh
Okawaru
Qazlal
Ru
Sif Muna
Trog
Uskayaw
Vehumet
Wu Jian
Xom
Yredelemnul
Zin
The Shining One

Shops:
D:6 *[=   D:7 (   D:8 (

Annotations:
D:5 1 runed translucent door
D:6 681 amulet
D:9 2 transporters


Innate Abilities, Weirdness & Mutations

You are too large for most types of armour.
You have claws for hands.
Your metabolism is lightning-fast.
You like to eat raw meat.
Your natural rate of healing is unusually fast.
You are covered in fur. (AC +1)
You have extremely tough skin. (AC +3)


Message History

You block the freezing wraith's attack.
You feel much better. The freezing wraith hits you!
The freezing wraith freezes you! You resist.
* * * LOW HITPOINT WARNING * * *
The freezing wraith hits you but does no damage.
The freezing wraith hits you.
* * * LOW HITPOINT WARNING * * *
The freezing wraith freezes you. You resist.
* * * LOW HITPOINT WARNING * * *
You block the freezing wraith's attack. The freezing wraith closely misses you.
The freezing wraith hits you.
* * * LOW HITPOINT WARNING * * *
The freezing wraith drains your vigour!
You feel as though you will be slow longer.
As you read the scroll labeled VAXELO ETANOTHRI, it crumbles to dust.
You feel strangely unstable.
It was a scroll of teleportation.
You block the freezing wraith's attack.
The freezing wraith hits you but does no damage.
The freezing wraith closely misses you. The freezing wraith hits you!
You die...

######### #######+##
........###.......$#
.......)#))........#
.......WW)#).......#
.......@###........#
........# #..W.....#
..(..(..# #........#
........# #........#
........# #........#
+######## ######...#
##.# K.% ..#


You could see 2 freezing wraiths.

Vanquished Creatures
  A death knight (D:11)
  A centaur zombie (D:10)
  A kobold demonologist (D:11)
  A freezing wraith (D:10)
  Grinder (D:5)
  2 hippogriffs
  Sigmund (D:2)
  4 yaks (D:8)
  A basilisk (D:8)
  A water moccasin (D:8)
  4 porcupines (D:8)
  2 orc warriors
  2 sky beasts (D:9)
  A black bear (D:8)
  A necrophage (D:9)
  An eye of draining (D:10)
  5 ogres
  2 centaurs
  4 crocodiles
  4 big kobolds
  3 bullfrogs
  Blork the orc (D:5)
  4 scorpions
  16 killer bees
  2 howler monkeys (D:10)
  3 crimson imps
  2 bullfrog zombies
  3 hounds
  8 jellies
  2 centaur skeletons
  4 orc priests
  10 orc wizards
  4 iguanas
  9 worker ants
  4 gnolls (D:10)
  9 adders
  2 shadow imps
  6 oozes
  An adder skeleton (D:4)
  4 worms
  3 dart slugs
  8 leopard geckos
  13 orcs
  5 giant cockroaches
  5 goblins
  5 hobgoblins
  7 jackals
  17 kobolds
  2 quokkas
  3 ball pythons
  10 bats
  5 frilled lizards
  2 jackal zombies
  7 rats
229 creatures vanquished.

Notes
Turn   | Place    | Note
-------+----------+-------------------------------------------
     0 | D:1      | robertstho the Troll Fighter began the quest for the Orb.
     0 | D:1      | Reached XP level 1. HP: 22/22 MP: 0/0
     3 | D:1      | Found a shadowy altar of Dithmenos.
   158 | D:1      | Reached XP level 2. HP: 14/29 MP: 1/1
   457 | D:2      | Found a faded altar of an unknown god.
   615 | D:2      | Noticed Sigmund
   636 | D:2      | Killed Sigmund
   636 | D:2      | Reached skill level 3 in Unarmed Combat
   636 | D:2      | Reached XP level 3. HP: 11/37 MP: 2/2
   636 | D:2      | Reached XP level 4. HP: 14/45 MP: 3/3
   636 | D:2      | Reached XP level 5. HP: 16/53 MP: 4/4
   897 | D:2      | Found an iron altar of Okawaru.
  1139 | D:3      | Reached skill level 4 in Unarmed Combat
  1146 | D:3      | Reached XP level 6. HP: 24/61 MP: 5/5
  2305 | D:4      | Reached skill level 5 in Unarmed Combat
  2305 | D:4      | Reached XP level 7. HP: 48/67 MP: 6/6
  2515 | D:5      | Entered Level 5 of the Dungeon
  2671 | D:5      | Found a glowing silver altar of Zin.
  2671 | D:5      | Found a runed translucent door.
  2671 | D:5      | Noticed an angel
  2720 | D:5      | Noticed Grinder
  2740 | D:5      | Killed Grinder
  2740 | D:5      | Reached skill level 6 in Unarmed Combat
  2740 | D:5      | Reached XP level 8. HP: 73/75 MP: 7/7
  2795 | D:5      | Noticed Blork the orc
  2802 | D:5      | Killed Blork the orc
  2967 | D:5      | Found a burning altar of Makhleb.
  3074 | D:5      | Reached skill level 5 in Dodging
  3302 | D:6      | Reached skill level 7 in Unarmed Combat
  3313 | D:6      | Reached skill level 1 in Armour
  3363 | D:6      | Found Wipon's General Store.
  3371 | D:6      | Bought a scroll of holy word for 90 gold pieces
  3371 | D:6      | Bought a scroll of immolation for 42 gold pieces
  3448 | D:6      | Found a hazy altar of Hepliaklqana.
  3448 | D:6      | Found a glowing golden altar of the Shining One.
  3650 | D:6      | Found Qutoisoi's Armour Shoppe.
  3665 | D:6      | Found Qoogh's Jewellery Emporium.
  3681 | D:6      | Bought a +1 cloak of poison resistance for 202 gold pieces
  4172 | D:7      | Noticed a hippogriff
  4175 | D:7      | Found a staircase to the Ecumenical Temple.
  4185 | D:7      | Killed a hippogriff
  4185 | D:7      | Reached XP level 9. HP: 39/84 MP: 8/8
  4197 | D:7      | Reached skill level 8 in Unarmed Combat
  4218 | Temple   | Entered the Ecumenical Temple
  4532 | D:2      | Became a worshipper of Warmaster Okawaru
  5135 | D:7      | Found Fuseh's Weapon Emporium.
  5271 | D:7      | Reached skill level 5 in Shields
  5565 | D:8      | Found Baffai's Weapon Shop.
  5604 | D:8      | Found a glowing silver altar of Zin.
  5689 | D:8      | Found an ancient bone altar of Kikubaaqudgha.
  5713 | D:8      | Reached skill level 1 in Invocations
  5736 | D:8      | Reached * piety under Okawaru
  5742 | D:8      | Reached skill level 9 in Unarmed Combat
  5799 | D:8      | Found a staircase to the Lair.
  5814 | D:8      | Reached ** piety under Okawaru
  5838 | D:8      | Reached XP level 10. HP: 39/94 MP: 10/10
  6421 | D:9      | Found a transporter.
  6443 | D:9      | Found a transporter.
  6885 | D:10     | Entered Level 10 of the Dungeon
  6909 | D:10     | Reached *** piety under Okawaru
  6927 | D:10     | Reached skill level 10 in Unarmed Combat
  7380 | D:11     | Noticed a death knight
  7401 | D:10     | Reached skill level 5 in Fighting
  7735 | D:11     | Reached **** piety under Okawaru
  7756 | D:11     | Killed a death knight
  7756 | D:11     | Reached XP level 11. HP: 73/104 MP: 12/12
  7768 | D:11     | Slain by a freezing wraith

Levels and vault maps discovered:
D:1:      sevenhm_arrival_forest_fort_small_6, layout_rooms
D:2:      layout_loops_cross, okawaru_ov_weapons_minmay,
          chequers_ecumenical_altar_simple, uniq_sigmund
D:3:      minmay_general_purpose_star, layout_loops_ring, first_ration,
          kennysheep_generic_room_16
D:4:      layout_basic, minmay_a_box_with_orc_wizards_in_it
D:5:      layout_basic, lemuel_coloured_pillars_altar, minivault_11,
          lemuel_angel_altar, uniq_grinder, uniq_blork_the_orc
D:6:      layout_loops_ring, chequers_temple_overflow_statue_of_worship,
          serial_shops, nicolae_shop_waterfront, nicolae_shop_stone, shop,
          kennysheep_nondescript
D:7:      layout_basic, minmay_temple_entry_grid, serial_shops,
          nicolae_shop_window_shopping
D:8:      layout_loops_corners, zin_treasury, kiku_gazebo_pond_becter,
          minmay_lair_entry_grove, serial_shops, shop
D:9:      gammafunk_steamed_eel, layout_rooms, hangedman_little_slice_of_home
D:10:     layout_rooms
D:11:     layout_roguey [special_room_bee],
          kennysheep_orc_monster_closet_entryway, maelrawn_ghost_gauntlet_escape
Temple:   regret_index_temple_sphere_string

Skill      XL: |  1  2  3  4  5  6  7  8  9 10 |
---------------+-------------------------------+-----
Fighting       | 3 4 5 |  5.2
Dodging        | 3 4 5 6 |  6.8
Shields        | 3 4 5 6 |  6.2
Unarmed Combat | 3 4 5 6 7 9 10 | 10.7
Armour         | 1 2 3 |  3.8
Invocations    | 2 3 |  3.3
Stealth        | |  0.8

Action                   |  1- 3 |  4- 6 |  7- 9 | 10-12 || total
-------------------------+-------+-------+-------+-------++-------
Melee: Unarmed           |    84 |   186 |   355 |   285 ||   910
Evoke: Wand              |       |       |       |     5 ||     5
  Use: Scroll            |       |       |     5 |     7 ||    12
       Potion            |       |       |     2 |     2 ||     4
 Stab: Sleeping          |       |     1 |       |       ||     1
       Invisible         |       |       |     2 |       ||     2
       Petrified         |       |       |     2 |       ||     2
  Eat: Chunk             |    11 |    16 |    33 |    17 ||    77
Armor: Robe              |    22 |    76 |    90 |    66 ||   254
Dodge: Dodged            |    17 |    74 |    88 |    70 ||   249
Block: Kite shield       |    23 |    83 |    37 |       ||   143
       Tower shield      |       |       |   190 |   257 ||   447

Table legend:
 A = Non-vault XP
 B = Vault XP
 C = Vault XP percentage of total XP
 D = Non-vault monster count
 E = Vault monster count
 F = Vault count percentage of total count
                 A         B        C        D         E       F
            +---------+---------+-------+---------+---------+-------
      Total |    7999 |    3332 |  29.4 |     186 |      43 |  18.8
            +---------+---------+-------+---------+---------+-------
        D:1 |      24 |       0 |   0.0 |      13 |       0 |   0.0
        D:2 |      62 |     231 |  78.8 |      28 |       1 |   3.4
        D:3 |     185 |      23 |  11.1 |      22 |       6 |  21.4
        D:4 |     218 |     267 |  55.1 |      14 |       7 |  33.3
        D:5 |     593 |     372 |  38.5 |      19 |       2 |   9.5
        D:6 |     680 |       0 |   0.0 |      15 |       0 |   0.0
        D:7 |     908 |       0 |   0.0 |      15 |       0 |   0.0
        D:8 |     871 |    1904 |  68.6 |      13 |      13 |  50.0
        D:9 |     865 |     160 |  15.6 |      11 |       8 |  42.1
       D:10 |    1827 |       0 |   0.0 |      19 |       0 |   0.0
       D:11 |    1766 |     375 |  17.5 |      17 |       6 |  26.1
            +---------+---------+-------+---------+---------+-------
